 Dungeon Crawl Stone Soup version 0.19.4 (webtiles) character file.

340 Aenea the Slasher (level 6, 0/51 HPs)
             Began as a Draconian Monk on Feb 3, 2017.
             Killed from afar by an orc wizard (1 damage)
             ... with a puff of flame
             ... on level 4 of the Dungeon.
             The game lasted 00:03:00 (2996 turns).

Aenea the Slasher (Draconian Monk)                  Turns: 2996, Time: 00:03:01

Health: 0/51       AC:  7    Str: 14    XL:     6   Next: 30%
Magic:  6/6        EV: 12    Int: 10    God:
Gold:   235        SH:  3    Dex: 15    Spells: 0 memorised, 5 levels left

rFire  + . .     SeeInvis .     a - +0 falchion
rCold  . . .     Gourm    .     (armour unavailable)
rNeg   . . .     Faith    .     p - +0 buckler
rPois  .         Spirit   .     (helmet restricted)
rElec  .         Reflect  .     (no cloak)
rCorr  .         Harm     .     k - +0 pair of gloves
MR     .....                    (no boots)
Stlth  ++........               (no amulet)
                                q - ring of fire
                                c - ring of protection from cold

@: no status effects
A: unfitting armour, cold-blooded, AC +6
a: no special abilities


You were on level 4 of the Dungeon.
You were not hungry.

You visited 1 branch of the dungeon, and saw 4 of its levels.

You collected 235 gold pieces.

Inventory:

Hand Weapons
 a - a +0 falchion (weapon)
Armour
 k - a +0 pair of gloves (worn)
 p - a +0 buckler (worn)
Jewellery
 c - a ring of protection from cold (left hand)
 q - a ring of fire (right hand)
Wands
 u - a wand of flame (21/48)
Scrolls
 d - 2 scrolls of fog {unknown}
 e - 4 scrolls of identify {unknown}
 f - 2 scrolls of teleportation {unknown}
 g - a scroll of recharging {unknown}
 m - a scroll of random uselessness {unknown}
 o - 2 scrolls of enchant armour {unknown}
Potions
 l - a potion of degeneration {unknown}
 n - a potion of magic {unknown}
 r - a potion of mutation {unknown}
 v - a potion of brilliance {unknown}
 w - a potion of resistance {unknown}
Books
 j - a book of Minor Magic

   Spells                             Type                      Level
   a - Magic Dart                     Conjuration                  1
   b - Blink                          Translocation                2
   c - Call Imp                       Summoning                    2
   d - Repel Missiles                 Charms/Air                   2
   e - Slow                           Hexes                        2
   f - Conjure Flame                  Conjuration/Fire             3
   g - Mephitic Cloud                 Conjuration/Poison/Air       3
Comestibles
 b - 2 bread rations
 h - 3 meat rations
 i - 10 fruits
 s - a beef jerky
 t - 2 chunks of flesh


   Skills:
 - Level 3.2 Fighting
 + Level 7.2 Long Blades
 - Level 2.6 Dodging
 - Level 1.7 Stealth


You had 5 spell levels left.
You didn't know any spells.

Dungeon Overview and Level Annotations

Branches:
Dungeon (4/15)
 Temple: D:4-7

Altars:
Fedhas
Trog


Innate Abilities, Weirdness & Mutations

Your plain brown scales are hard. (AC +6)
You cannot fit into any form of body armour.
You are cold-blooded and may be slowed by cold attacks.


Message History

You hear some strange, mumbled words.
Something tries to affect you, but you resist.
You barely miss something. Something hits you but does no damage.
You closely miss something.
Your tail-slap misses something.
You hear some strange, mumbled words.
You are confused.
Something hits you but does no damage.
You hit something. Something hits you but does no damage.
A magic dart appears from out of thin air!
The magic dart hits you!
* * * LOW HITPOINT WARNING * * *
There is a stone staircase leading down here.
Something hits you.
* * * LOW HITPOINT WARNING * * *
You completely miss something.
You feel less confused.
You hear some strange, mumbled words.
A puff of flame appears from out of thin air!
The puff of flame hits you! You resist.
You die...

## ######
####.#####. #....#
#.......... #....#
##.......... #....#
#...........
#...####..........#
##..##.†).........#
##.#..#){@>......#
###..###..........#
###..###
#...........
###..###
#...........
##...##
#...........
###..###
#..!........ #..###
#........... ..##
###......... ###
##.....##


There were no monsters in sight!

Vanquished Creatures
  A jelly (D:3)
  A hound (D:4)
  An orc priest (D:3)
  Terence (D:3)
  An orc wizard (D:3)
  Natasha (thrice) (D:3)
  A worker ant (D:4)
  An ooze (D:2)
  A dart slug (D:1)
  6 orcs
  A ball python (D:2)
  4 bats
  5 giant cockroaches
  10 goblins
  9 hobgoblins
  11 jackals
  9 kobolds
  2 quokkas (D:3)
  4 frilled lizards
  6 rats
78 creatures vanquished.

Vanquished Creatures (others)
  A bat (D:1)
1 creature vanquished.

Grand Total: 79 creatures vanquished

Notes
Turn   | Place    | Note
-------+----------+-------------------------------------------
     0 | D:1      | Aenea the Draconian Monk began the quest for the Orb.
     0 | D:1      | Reached XP level 1. HP: 19/19 MP: 1/1
   351 | D:1      | Reached XP level 2. HP: 26/26 MP: 2/2
   536 | D:1      | Reached skill level 4 in Long Blades
   793 | D:1      | Reached XP level 3. HP: 30/31 MP: 3/3
   938 | D:2      | Found a faded altar of an unknown god.
  1357 | D:2      | Found a blossoming altar of Fedhas.
  1515 | D:2      | Found a bloodstained altar of Trog.
  1666 | D:3      | Reached XP level 4. HP: 36/38 MP: 4/4
  1856 | D:3      | Noticed Natasha
  1868 | D:3      | Reached skill level 5 in Long Blades
  1874 | D:3      | Killed Natasha
  1885 | D:3      | Reached XP level 5. HP: 45/45 MP: 5/5
  2033 | D:3      | Noticed Natasha
  2043 | D:3      | Killed Natasha
  2043 | D:3      | Reached skill level 6 in Long Blades
  2434 | D:3      | Noticed Terence
  2450 | D:3      | Killed Terence
  2699 | D:3      | Noticed Natasha
  2708 | D:3      | Killed Natasha
  2708 | D:3      | Reached XP level 6. HP: 41/51 MP: 6/6
  2949 | D:4      | Reached skill level 7 in Long Blades
  2995 | D:4      | HP: 1/51 [something (2)]
  2996 | D:4      | Killed from afar by an orc wizard

Skill      XL: |  1  2  3  4  5  6 |
---------------+-------------------+-----
Long Blades    | 4 5 6 7 |  7.2
Fighting       | |  3.2
Dodging        | |  2.6
Stealth        | |  1.7

Action                   |  1- 3 |  4- 6 || total
-------------------------+-------+-------++-------
Melee: Falchion          |   125 |   116 ||   241
       Tailslap          |    18 |    14 ||    32
  Use: Potion            |       |     4 ||     4
 Stab: Sleeping          |     9 |     2 ||    11
  Eat: Chunk             |     2 |     5 ||     7
Armor: Skin              |    31 |    41 ||    72
Dodge: Dodged            |    89 |    70 ||   159
Block: Buckler           |       |    16 ||    16
       Rpst.: Falchion   |    26 |    26 ||    52
